 Dungeon Crawl Stone Soup version 0.31-a0-1068-g5939ac1fb6 (webtiles) character file.

Game seed: 4543539274982441740

42 Descartes the Digger (level 3, -1/24 HPs)
             Began as a Formicid Earth Elementalist on Nov 25, 2023.
             Slain by a scorpion (4 damage)
             ... on level 2 of the Dungeon.
             The game lasted 00:04:06 (1268 turns).

Descartes the Digger (Formicid Earth Elementalist)  Turns: 1268, Time: 00:04:07

Health: -1/24      AC:  5    Str: 14    XL:     3   Next: 77%
Magic:  0/7        EV: 11    Int: 14    God:
Gold:   63         SH:  0    Dex: 14    Spells: 7/8 levels left

rFire   . . .        f - +0 dagger
rCold   . . .        (no shield)
rNeg    . . .        h - +0 ring mail
rPois   .            (helmet unavailable)
rElec   .            (no cloak)
rCorr   +            (no gloves)
SInv    +            (no boots)
Will    .....        (no amulet)
Stlth   +            g - ring of resist corrosion
HPRegen 0.24/turn    (no ring)
MPRegen 0.10/turn

%: no passive effects
@: lethally poisoned (-1 -> -5), very slightly contaminated
A: permanent stasis, dig shafts and tunnels, antennae 3, four strong arms
a: Dig, Shaft Self


You were on level 2 of the Dungeon.
You visited 1 branch of the dungeon, and saw 2 of its levels.

You collected 63 gold pieces.

Inventory:

Hand Weapons
 f - a +0 dagger (weapon)
Armour
 a - a +0 robe
 c - a +0 leather armour
 h - a +0 ring mail (worn)
Jewellery
 g - a ring of resist corrosion (left hand)
Wands
 j - a wand of roots (12)
Scrolls
 d - a scroll of identify {unknown}
 e - a scroll of vulnerability {unknown}
 i - a scroll of noise {unknown}
Potions
 b - a potion of magic


   Skills:
 - Level 1.7 Dodging
 - Level 2.4 Stealth
 + Level 3.2 Spellcasting
 - Level 1.1 Transmutations
 + Level 4.5 Earth Magic


You had 7 spell levels left.
You knew the following spells:

 Your Spells              Type           Power      Damage    Failure   Level
a - Sandblast             Erth           30%        2d9       7%          1

Your spell library contained the following spells:

 Spells                   Type           Power      Damage    Failure   Level
 Passwall                 Tmut/Erth      8%         N/A       21%         2
 Stone Arrow              Conj/Erth      16%        3d8       45%         3
 Petrify                  Tmut/Erth      10%        N/A       80%         4
 Brom's Barrelling Bould  Conj/Erth      8%         2d3       86%         4
 Leda's Liquefaction      Hex/Erth       4%         N/A       86%         4
 Lee's Rapid Deconstruct  Erth           7%         3d7*      88%         5
 Manifold Assault         Tloc           2%         N/A       99%         4
 Bombard                  Conj/Erth      4%         9d2       100%        6
 Blink                    Tloc           Unusable   N/A       N/A         2

Dungeon Overview and Level Annotations

Branches:
Dungeon (2/15)

Altars:

Shops:
D:2 [


Innate Abilities, Weirdness & Mutations

You cannot be hasted, slowed, berserked, paralysed or teleported.
You can dig through walls and to a lower floor.
You have a pair of large antennae on your head. (SInv)
Your four strong arms can wield two-handed weapons with a shield.


Message History

The scorpion poisons you! The scorpion stings you.
Casting: Sandblast (safe; 7% risk of failure)
Confirm with . or Enter, or press ? or * to list all spells.
Aiming: Sandblast (safe; 7% risk of failure)
Press: ? - help, Shift-Dir - straight line, f/p - scorpion
Aim: a scorpion (moderately wounded, 82% to hit)
You miscast Sandblast.
You are very lightly contaminated with residual magic.
Nothing appears to happen.
You feel very sick. The scorpion barely misses you.
Casting: Sandblast (safe; 7% risk of failure)
Confirm with . or Enter, or press ? or * to list all spells.
Aiming: Sandblast (safe; 7% risk of failure)
Press: ? - help, Shift-Dir - straight line, f/p - scorpion
Aim: a scorpion (moderately wounded, 82% to hit)
The blast of sand hits the scorpion.
The scorpion is severely wounded.
You feel very sick. The scorpion stings you. x2
Casting: Sandblast (safe; 7% risk of failure)
Confirm with . or Enter, or press ? or * to list all spells.
Aiming: Sandblast (safe; 7% risk of failure)
Press: ? - help, Shift-Dir - straight line, f/p - scorpion
Aim: a scorpion (severely wounded, 82% to hit)
The blast of sand hits the scorpion but does no damage.
The scorpion is severely wounded.
You feel sick. The scorpion misses you. The scorpion stings you.
* * * LOW HITPOINT WARNING * * *
Unknown command.
Casting: Sandblast (safe; 7% risk of failure)
Confirm with . or Enter, or press ? or * to list all spells.
Aiming: Sandblast (safe; 7% risk of failure)
Press: ? - help, Shift-Dir - straight line, f/p - scorpion
Aim: a scorpion (severely wounded, 82% to hit)
The blast of sand hits the scorpion but does no damage.
The scorpion is severely wounded.
* * * LOW HITPOINT WARNING * * *
You feel sick. The scorpion misses you. The scorpion stings you.
You die...

#..#...# #..#.###
.# #..#.# .#
#..#.# .# #..#.#
.# #..#.# .# ###
#..#.#####.##...#
#........†......#
##.#.....@s##
#...............
####..########..
#..# #..# #...
#.### <.# .##


You could see a scorpion.

Vanquished Creatures
  A gnoll (D:1)
  A dart slug (D:2)
  5 bats
  3 endoplasms (D:1)
  A giant cockroach (D:1)
  A goblin (D:1)
  3 hobgoblins
  2 quokkas
  4 ball pythons
  2 frilled lizards (D:1)
  A kobold (D:1)
  5 rats
29 creatures vanquished.

Notes
Turn   | Place    | Note
-------+----------+-------------------------------------------
     0 | D:1      | Descartes the Formicid Earth Elementalist began the quest
                  | for the Orb.
     0 | D:1      | Reached XP level 1. HP: 13/13 MP: 3/3
   190 | D:1      | Reached XP level 2. HP: 19/19 MP: 1/5
   238 | D:1      | Reached skill level 4 in Earth Magic
   668 | D:1      | Reached XP level 3. HP: 24/24 MP: 3/7
  1206 | D:2      | Found Deozxure's Antique Armour Boutique.
  1257 | D:2      | Noticed a scorpion
  1268 | D:2      | Slain by a scorpion

Illustrated notes

Levels and vault maps discovered:
D:1:      minmay_arrival_semitransparent, layout_loops_ring,
          nicolae_figureground_sparkle
D:2:      kennysheep_the_goblin_king, layout_loops_ring, serial_shops,
          nicolae_shop_statue_plus, nicolae_shop_pleasant_corner_grove,
          minmay_misc_feat_doors, nicolae_figureground_pulse

Skill      XL: |  1  2 |
---------------+-------+-----
Earth Magic    | 4 |  4.5
Spellcasting   | 3 |  3.2
Dodging        | |  1.7
Stealth        | |  2.4
Transmutations | |  1.1

Action                     || total
---------------------------++-------
  Melee: Unarmed           ||     2
         Dagger            ||     5
   Cast: Sandblast         ||    41
 Armour: Leather armour    ||     6
         Ring mail         ||    12
  Dodge: Dodged            ||    12

Table legend: (Time is in decaauts)
 A = Elapsed time spent in this place.
 B = Non-inter-level travel time spent in this place.
 C = Inter-level travel time spent in this place.
 D = Time resting spent in this place.
 E = Time spent auto-exploring this place.
 F = Levels seen in this place.
 G = Mean time per level.
                   A        B        C        D        E       F      G
               +--------+--------+--------+--------+--------+-----+--------+
         Total |   1286 |   1224 |     62 |      0 |   1004 |   2 |  643.0 |
       Dungeon |   1286 |   1224 |     62 |      0 |   1004 |   2 |  643.0 |
               +--------+--------+--------+--------+--------+-----+--------+

Top non-repeatable levels by time:
     D:1: 1097 daAuts
     D:2: 189 daAuts
